SNL (28 & UNDER)
WEST VIRGINIA POWER @ BLACKIRON DRAGONS
08/02/2024
 
TOP OF THE 1ST
West Virginia Power batting - Pitching for BlackIron Dragons : RHP Johnathan McJannett
Pitching: RHP Johnathan McJannett
Batting: RHB Luis Encarnación 0-0: Bunt for hit - play at first, batter safe!
Batting: LHB Lúcio Anaya 0-0: Called Strike
0-1: Ball
1-1: Ball
Luis Encarnación steals 2nd base
2-1: Swinging Strike
2-2: Fly out, F7 (Flyball, 7M)
Batting: SHB Edward Bartlett 0-0: Called Strike
Luis Encarnación steals 3rd base
0-1: Called Strike
0-2: Fly out, F8 (Flyball, 8RM)
Runner from 3rd tags up, SCORES, no throw
Batting: RHB Ben Dougherty 0-0: Ball
1-0: Ball
2-0: Ball
3-0: Base on Balls
Batting: RHB Alden Isenhood 0-0: Ball
1-0: Fly out, F6 (Popup, 6MD)
Top of the 1st over - 1 run(s), 1 hit(s), 0 error(s), 1 left on base; West Virginia 1 - BlackIron 0
BOTTOM OF THE 1ST
BlackIron Dragons batting - Pitching for West Virginia Power : RHP César De La Cruz
Pitching: RHP César De La Cruz
Batting: RHB Boyd Pittman 0-0: Ball
1-0: Reached on error, E3 (Groundball, 3S)
Batting: RHB José Colón 0-0: Ball
1-0: Ball
2-0: Ball
3-0: Called Strike
3-1: Fly out, F6 (Popup, 56)
Batting: RHB Gil Palmer 0-0: Ball
1-0: Ball
Throwing error on steal attempt, E2
Boyd Pittman to third
2-0: Foul Ball, location: 2F
2-1: Foul Ball, location: 2F
2-2: Fly out, F7 (Flyball, 78S)
Batting: SHB Rick Turner 0-0: Ball
1-0: Called Strike
1-1: Called Strike
1-2: Strikes out swinging
Bottom of the 1st over - 0 run(s), 0 hit(s), 2 error(s), 1 left on base; West Virginia 1 - BlackIron 0
TOP OF THE 2ND
West Virginia Power batting - Pitching for BlackIron Dragons : RHP Johnathan McJannett
Batting: RHB Tyler Baker 0-0: Ball
1-0: Called Strike
1-1: Called Strike
1-2: Ball
2-2: Fly out, F3 (Popup, 3SF)
Batting: LHB Bernardo Montés 0-0: Ball
1-0: Ball
2-0: Ball
3-0: Called Strike
3-1: Base on Balls
Batting: RHB Len Burke 0-0: Ball
1-0: Swinging Strike
1-1: SINGLE (Flyball, 89S)
Bernardo Montés to second
Runner from 2nd tries for 3rd, SAFE, throw made to third
Batting: RHB Gonzalo Gil 0-0: Grounds into double play, 5-4-3 (Groundball, 5L)
Top of the 2nd over - 0 run(s), 1 hit(s), 0 error(s), 1 left on base; West Virginia 1 - BlackIron 0
BOTTOM OF THE 2ND
BlackIron Dragons batting - Pitching for West Virginia Power : RHP César De La Cruz
Batting: RHB Alfredo Rangel 0-0: Called Strike
0-1: Foul Ball, location: 2F
0-2: Ball
1-2: DOUBLE (Line Drive, 78M)
Batting: RHB Edgardo Carrasco 0-0: Called Strike
0-1: Ball
1-1: Ball
2-1: Swinging Strike
2-2: SINGLE (Groundball, 34D)
Alfredo Rangel to third
Batting: LHB Donnie Cunningham 0-0: SINGLE (Groundball, 56D)
Alfredo Rangel scores
Edgardo Carrasco to second
Batting: LHB Culley Vaughan 0-0: Foul Ball, location: 2F
0-1: Ball
1-1: Called Strike
1-2: Foul Ball, location: 2F
1-2: Strikes out looking
Batting: RHB Joaquín Rosales 0-0: Ball
1-0: Foul Ball, location: 2F
1-1: Ball
2-1: Foul Ball, location: 2F
2-2: Ball
Passed Ball!
Edgardo Carrasco to third
Donnie Cunningham to second
3-2: SINGLE (Groundball, 15S) (infield hit)
Edgardo Carrasco scores
Donnie Cunningham to third
Batting: RHB Boyd Pittman 0-0: Ball
1-0: Ball
2-0: Called Strike
Pickoff Throw to First - Error! E1
Donnie Cunningham scores
Joaquín Rosales to second
2-1: Ball
3-1: Foul Ball, location: 2F
3-2: Strikes out looking
Batting: RHB José Colón 0-0: Ground out 5-3 (Groundball, 5S)
Bottom of the 2nd over - 3 run(s), 4 hit(s), 1 error(s), 1 left on base; West Virginia 1 - BlackIron 3
TOP OF THE 3RD
West Virginia Power batting - Pitching for BlackIron Dragons : RHP Johnathan McJannett
Batting: RHB Luis Encarnación 0-0: Ball
1-0: Swinging Strike
1-1: Ball
2-1: Ball
3-1: Base on Balls
Batting: LHB Lúcio Anaya 0-0: Ball
1-0: Ball
2-0: Called Strike
2-1: Called Strike
2-2: Foul Ball, location: 2F
2-2: Ball
3-2: Foul Ball, location: 2F
3-2: Strikes out swinging
Batting: SHB Edward Bartlett 0-0: Foul Ball, location: 2F
0-1: Ball
1-1: Called Strike
1-2: Foul Ball, location: 2F
1-2: Foul Ball, location: 2F
1-2: SINGLE (Groundball, 13) (infield hit)
Luis Encarnación to second
Batting: RHB Ben Dougherty 0-0: Called Strike
0-1: Foul Ball, location: 2F
0-2: Ball
1-2: Ball
2-2: Ball
3-2: Base on Balls
Luis Encarnación to third
Edward Bartlett to second
Batting: RHB Alden Isenhood 0-0: Foul Ball, location: 2F
0-1: Ball
1-1: SINGLE (Groundball, 6M)
Luis Encarnación scores
Edward Bartlett to third
Ben Dougherty to second
Runner from 3rd tries for Home, SAFE, throw made home
Ben Dougherty to third
Alden Isenhood to second
Batting: RHB Tyler Baker 0-0: Foul Ball, location: 2F
0-1: Called Strike
0-2: Ball
1-2: Ball
2-2: SINGLE (Flyball, 8RS) - OUT at second base trying to stretch hit.
Ben Dougherty scores
Alden Isenhood scores
Batting: LHB Bernardo Montés 0-0: SINGLE (Groundball, 34D)
Batting: RHB Len Burke 0-0: Called Strike
Balk!
Bernardo Montés to second
0-1: Hit by Pitch
Batting: RHB Gonzalo Gil 0-0: Swinging Strike
0-1: Swinging Strike
0-2: Fly out, F8 (Flyball, 8LXD)
Top of the 3rd over - 4 run(s), 4 hit(s), 0 error(s), 2 left on base; West Virginia 5 - BlackIron 3
BOTTOM OF THE 3RD
BlackIron Dragons batting - Pitching for West Virginia Power : RHP César De La Cruz
Batting: RHB Gil Palmer 0-0: Ball
1-0: Called Strike
1-1: Called Strike
1-2: Ball
2-2: Ball
3-2: Strikes out swinging
Batting: SHB Rick Turner 0-0: Foul Ball, location: 2F
0-1: Ball
1-1: Called Strike
1-2: Ball
2-2: Ground out 5-3 (Groundball, 56)
Batting: RHB Alfredo Rangel 0-0: Ground out 6-3 (Groundball, 6)
Bottom of the 3rd over - 0 run(s), 0 hit(s), 0 error(s), 0 left on base; West Virginia 5 - BlackIron 3
TOP OF THE 4TH
West Virginia Power batting - Pitching for BlackIron Dragons : RHP Johnathan McJannett
Batting: RHB Luis Encarnación 0-0: Foul Ball, location: 2F
0-1: Ball
1-1: Swinging Strike
1-2: Strikes out swinging
Batting: LHB Lúcio Anaya 0-0: Ball
1-0: Called Strike
1-1: Called Strike
1-2: Ball
2-2: Strikes out swinging
Batting: SHB Edward Bartlett 0-0: Swinging Strike
0-1: Ball
1-1: Ball
2-1: Ball
3-1: Base on Balls
Batting: RHB Ben Dougherty 0-0: Called Strike
0-1: Foul Ball, location: 2F
0-2: Strikes out looking
Top of the 4th over - 0 run(s), 0 hit(s), 0 error(s), 1 left on base; West Virginia 5 - BlackIron 3
BOTTOM OF THE 4TH
BlackIron Dragons batting - Pitching for West Virginia Power : RHP César De La Cruz
Batting: RHB Edgardo Carrasco 0-0: Ball
1-0: Foul Ball, location: 2F
1-1: Foul Ball, location: 2F
1-2: Ball
2-2: Ball
3-2: Foul Ball, location: 2F
3-2: SINGLE (Line Drive, 4M)
Batting: LHB Donnie Cunningham 0-0: Grounds into double play, 4-6-3 (Groundball, 34)
Batting: LHB Culley Vaughan 0-0: Ball
1-0: Called Strike
1-1: Ball
2-1: Fly out, F7 (Flyball, 7M)
Bottom of the 4th over - 0 run(s), 1 hit(s), 0 error(s), 0 left on base; West Virginia 5 - BlackIron 3
TOP OF THE 5TH
West Virginia Power batting - Pitching for BlackIron Dragons : RHP Johnathan McJannett
Batting: RHB Alden Isenhood 0-0: Ball
1-0: Called Strike
1-1: Ball
2-1: Foul Ball, location: 2F
2-2: Ground out 5-3 (Groundball, 5)
Batting: RHB Tyler Baker 0-0: Called Strike
0-1: Ball
1-1: Ground out 5-3 (Groundball, 5)
Batting: LHB Bernardo Montés 0-0: Ball
1-0: Ball
2-0: Ball
3-0: Called Strike
3-1: Foul Ball, location: 2F
3-2: Fly out, F8 (Flyball, 8LXD)
Top of the 5th over - 0 run(s), 0 hit(s), 0 error(s), 0 left on base; West Virginia 5 - BlackIron 3
BOTTOM OF THE 5TH
BlackIron Dragons batting - Pitching for West Virginia Power : RHP César De La Cruz
Batting: RHB Joaquín Rosales 0-0: Foul Ball, location: 2F
0-1: SINGLE (Groundball, 6MD)
Batting: RHB Boyd Pittman 0-0: Ball
1-0: Ball
2-0: Called Strike
Pickoff Throw by Catcher to First - Error! E2
Joaquín Rosales to second
2-1: Called Strike
2-2: Ball
3-2: Ground out 3-1 (Groundball, 34S)
Joaquín Rosales to third
Batting: RHB José Colón 0-0: Ball
1-0: Called Strike
1-1: Ball
2-1: Foul Ball, location: 2F
2-2: Foul Ball, location: 2F
2-2: Foul Ball, location: 2F
2-2: Ground out 6-3 (Groundball, 56)
Joaquín Rosales scores
Batting: RHB Gil Palmer 0-0: Called Strike
0-1: Swinging Strike
0-2: Ball
1-2: Ground out 4-3 (Groundball, 13)
Bottom of the 5th over - 1 run(s), 1 hit(s), 1 error(s), 0 left on base; West Virginia 5 - BlackIron 4
TOP OF THE 6TH
West Virginia Power batting - Pitching for BlackIron Dragons : RHP Johnathan McJannett
Pitching: RHP Bret McJannett
Batting: RHB Len Burke 0-0: Foul Ball, location: 2F
0-1: Ground out 5-3 (Groundball, 5L)
Batting: RHB Gonzalo Gil 0-0: Ball
1-0: SINGLE (Groundball, 25) (infield hit)
Batting: RHB Luis Encarnación 0-0: Called Strike
0-1: Ball
1-1: Fly out, F8 (Flyball, 8LM)
Batting: LHB Lúcio Anaya 0-0: DOUBLE (Groundball, 5L)
Gonzalo Gil to third
Runner from 3rd tries for Home, throw and OUT!
Top of the 6th over - 0 run(s), 2 hit(s), 0 error(s), 1 left on base; West Virginia 5 - BlackIron 4
BOTTOM OF THE 6TH
BlackIron Dragons batting - Pitching for West Virginia Power : RHP César De La Cruz
Batting: SHB Rick Turner 0-0: Fly out, F7 (Flyball, 7S)
Batting: RHB Alfredo Rangel 0-0: Ball
1-0: Ball
2-0: SINGLE (Line Drive, 34D)
Batting: RHB Edgardo Carrasco 0-0: Ball
1-0: Called Strike
1-1: Called Strike
Alfredo Rangel steals 2nd base
1-2: Foul Ball, location: 2F
1-2: SINGLE (Line Drive, 4D)
Alfredo Rangel to third
Pitching: RHP Brad Flores
Batting: LHB Donnie Cunningham 0-0: Ball
1-0: Ground out 4-3 (Groundball, 4M)
Alfredo Rangel scores
Edgardo Carrasco to second
Batting: LHB Culley Vaughan 0-0: Ball
1-0: Ball
2-0: Ball
3-0: Called Strike
3-1: Base on Balls
Batting: RHB Joaquín Rosales 0-0: Ball
1-0: Called Strike
1-1: Ground out 6-3 (Groundball, 56)
Bottom of the 6th over - 1 run(s), 2 hit(s), 0 error(s), 2 left on base; West Virginia 5 - BlackIron 5
TOP OF THE 7TH
West Virginia Power batting - Pitching for BlackIron Dragons : RHP Bret McJannett
Batting: SHB Edward Bartlett 0-0: Fly out, F9 (Flyball, 89M)
Batting: RHB Ben Dougherty 0-0: Swinging Strike
0-1: Ball
1-1: Ball
2-1: SOLO HOME RUN (Flyball, 7D), Distance : 420 ft
Batting: RHB Alden Isenhood 0-0: Called Strike
0-1: Ball
1-1: Ball
2-1: Ball
3-1: Base on Balls
Batting: RHB Tyler Baker 0-0: Called Strike
0-1: Ball
1-1: Ball
2-1: Ball
3-1: Called Strike
3-2: Base on Balls
Alden Isenhood to second
Batting: LHB Bernardo Montés 0-0: Ball
1-0: Called Strike
1-1: Called Strike
Alden Isenhood steals 3rd base
Tyler Baker to second
1-2: Ball
2-2: Strikes out looking
Batting: RHB Len Burke 0-0: Ball
1-0: Called Strike
1-1: Swinging Strike
1-2: Ball
2-2: Foul Ball, location: 2F
2-2: Foul Ball, location: 2F
2-2: Foul Ball, location: 2F
2-2: Strikes out swinging
Top of the 7th over - 1 run(s), 1 hit(s), 0 error(s), 2 left on base; West Virginia 6 - BlackIron 5
BOTTOM OF THE 7TH
BlackIron Dragons batting - Pitching for West Virginia Power : RHP Brad Flores
Batting: RHB Boyd Pittman 0-0: Ball
1-0: Foul Ball, location: 2F
1-1: Ground out 5-3 (Groundball, 5L)
Batting: RHB José Colón 0-0: Ball
1-0: Foul Ball, location: 2F
1-1: Foul Ball, location: 2F
1-2: Ball
2-2: Foul Ball, location: 2F
2-2: Ground out 1-3 (Groundball, 13S)
Batting: RHB Gil Palmer 0-0: Ball
1-0: Called Strike
1-1: Ball
2-1: Ball
3-1: Foul Ball, location: 2F
3-2: Base on Balls
Batting: SHB Rick Turner 0-0: Called Strike
0-1: 2-RUN HOME RUN (Line Drive, 9D), Distance : 399 ft
Batting: RHB Alfredo Rangel 0-0: Called Strike
0-1: Ground out 6-3 (Groundball, 6)
Bottom of the 7th over - 2 run(s), 1 hit(s), 0 error(s), 0 left on base; West Virginia 6 - BlackIron 7
TOP OF THE 8TH
West Virginia Power batting - Pitching for BlackIron Dragons : RHP Bret McJannett
Pitching: RHP Luis Canseco
Now at 1B: Frank Maxwell
Batting: RHB Gonzalo Gil 0-0: Called Strike
0-1: Called Strike
0-2: Strikes out swinging
Batting: RHB Luis Encarnación 0-0: Foul Ball, location: 2F
0-1: Ball
1-1: Ball
2-1: Swinging Strike
2-2: Fly out, F7 (Flyball, 8LS)
Pitching: LHP Frederick Cesti
Batting: LHB Lúcio Anaya 0-0: Called Strike
0-1: SINGLE (Line Drive, 9LS)
Pinch Hitting: RHB Juan Vareas 0-0: Ball
Wild Pitch!
Lúcio Anaya to second
1-0: Called Strike
1-1: Called Strike
1-2: Foul Ball, location: 2F
1-2: Ball
2-2: Foul Ball, location: 2F
2-2: Fly out, F3 (Popup, 3SF)
Top of the 8th over - 0 run(s), 1 hit(s), 0 error(s), 1 left on base; West Virginia 6 - BlackIron 7
BOTTOM OF THE 8TH
BlackIron Dragons batting - Pitching for West Virginia Power : RHP Brad Flores
Now at SS: Dave McGrath
Batting: RHB Edgardo Carrasco 0-0: Called Strike
0-1: Ball
1-1: Ground out 6-3 (Groundball, 6)
Pitching: RHP Rafael Trujillo
Batting: LHB Donnie Cunningham 0-0: Ground out 4-3 (Groundball, 4M)
Batting: LHB Culley Vaughan 0-0: Ball
1-0: Ball
2-0: Called Strike
2-1: Ball
3-1: Foul Ball, location: 2F
3-2: Base on Balls
Pinch Hitting: RHB Brian Jackson 0-0: Called Strike
Culley Vaughan is caught stealing 2nd base
Bottom of the 8th over - 0 run(s), 0 hit(s), 0 error(s), 0 left on base; West Virginia 6 - BlackIron 7
TOP OF THE 9TH
West Virginia Power batting - Pitching for BlackIron Dragons : LHP Frederick Cesti
Now at 3B: Leonard Young
Batting: RHB Ben Dougherty 0-0: SOLO HOME RUN (Flyball, 78XD), Distance : 424 ft
Pitching: RHP Eduardo Delgado
Batting: RHB Alden Isenhood 0-0: Ball
1-0: Called Strike
1-1: Foul Ball, location: 2F
1-2: Ball
2-2: Ground out 6-3 (Groundball, 6M)
Batting: RHB Tyler Baker 0-0: Ball
1-0: Called Strike
1-1: Swinging Strike
1-2: Ball
2-2: Ball
3-2: Strikes out swinging
Batting: LHB Bernardo Montés 0-0: Ball
1-0: Swinging Strike
1-1: Ball
2-1: Ball
3-1: Base on Balls
Pinch Runner at 1st Alonzo Herrera:
Batting: RHB Len Burke 0-0: Ball
1-0: Ball
Alonzo Herrera steals 2nd base
2-0: Ground out 6-3 (Groundball, 6)
Top of the 9th over - 1 run(s), 1 hit(s), 0 error(s), 1 left on base; West Virginia 7 - BlackIron 7
BOTTOM OF THE 9TH
BlackIron Dragons batting - Pitching for West Virginia Power : RHP Rafael Trujillo
Pitching: RHP Howard Joyce
Now at 1B: Will Lott
Batting: LHB Leonard Young 0-0: Called Strike
0-1: Called Strike
0-2: Strikes out swinging
Batting: RHB Boyd Pittman 0-0: Ball
1-0: Called Strike
1-1: Swinging Strike
1-2: Strikes out swinging
Pinch Hitting: RHB Leroy Jamison 0-0: Called Strike
0-1: Foul Ball, location: 2F
0-2: Ball
1-2: Fly out, F8 (Flyball, 8RM)
Bottom of the 9th over - 0 run(s), 0 hit(s), 0 error(s), 0 left on base; West Virginia 7 - BlackIron 7
TOP OF THE 10TH
West Virginia Power batting - Pitching for BlackIron Dragons : RHP Eduardo Delgado
Now in LF: Leroy Jamison
Batting: RHB Gonzalo Gil 0-0: Ball
1-0: Called Strike
1-1: Swinging Strike
1-2: Strikes out looking
Pinch Hitting: RHB Alfonso Huertas 0-0: Called Strike
0-1: Called Strike
0-2: Strikes out swinging
Batting: LHB Lúcio Anaya 0-0: Ball
1-0: Foul Ball, location: 2F
1-1: Fly out, F7 (Flyball, 78M)
Top of the 10th over - 0 run(s), 0 hit(s), 0 error(s), 0 left on base; West Virginia 7 - BlackIron 7
BOTTOM OF THE 10TH
BlackIron Dragons batting - Pitching for West Virginia Power : RHP Howard Joyce
Now in LF: Alfonso Huertas
Batting: RHB Gil Palmer 0-0: Ball
1-0: Ball
2-0: SINGLE (Groundball, 6M)
Batting: SHB Rick Turner 0-0: Ball
1-0: Ball
2-0: Foul Ball, location: 2F
2-1: Ball
3-1: Base on Balls
Gil Palmer to second
Batting: RHB Alfredo Rangel 0-0: Ball
Gil Palmer steals 3rd base
Rick Turner to second
1-0: Foul Ball, location: 2F
1-1: SINGLE (Line Drive, 56D)
Gil Palmer scores
This league is powered by Out of the Park Baseball, the baseball management simulation game for PC, Mac and Linux
Saturday, April 9th, 2016 - OOTP Baseball 16.8 Build 38